Map: Ulrena

Players

WildCatBrown - Winner!

  • Race: Protoss Protoss
  • League: Bronze

Aatem

  • Race: Zerg Zerg
  • League: Gold

VOD

Have the link to the VOD?

Description

Time

  • Played on: Dec. 31, 2015, 10:26 a.m.
  • Length: 13:33
Show
View Real Time Build Order
Export as new Build Order

WildCatBrown Protoss - Winner!

Build Orders: 1 Gate Expand 

Get SALT Encoding   

  12  0:01  Probe (Chrono Boost)  
  13  0:11  Probe (Chrono Boost)  
  14  0:20  Pylon  
  14  0:22  Probe (Chrono Boost)  
  15  0:32  Assimilator  
  15  0:38  Probe (Chrono Boost)  
  16  0:46  Gateway  
  16  0:49  Probe (Chrono Boost)  
  17  0:59  Probe (Chrono Boost)  
  18  1:10  Probe (Chrono Boost)  
  19  1:23  Nexus  
  19  1:25  Probe (Chrono Boost)  
  20  1:35  Probe (Chrono Boost)  
  21  1:42  Cybernetics Core  
  21  1:48  Probe (Chrono Boost)  
  22  1:58  Probe (Chrono Boost), Assimilator  
  23  2:02  Pylon  
  23  2:20  Probe (Chrono Boost)  
  24  2:27  Adept  
  25  2:31  Probe (Chrono Boost)  
  25  2:36  Probe (Chrono Boost)  
  27  2:41  Probe (Chrono Boost), Pylon  
  28  2:45  Assimilator  
  28  2:46  Probe (Chrono Boost)  
  28  2:49  Assimilator  
  29  2:52  Mothership Core (Chrono Boost)  
  28  3:10  Adept  
  32  3:13  Probe x2 (Chrono Boost)  
  32  3:23  Probe x2 (Chrono Boost)  
  32  3:25  Warp Gate (Chrono Boost)  
  34  3:28  Gateway  
  34  3:30  Gateway  
  34  3:34  Probe x2 (Chrono Boost)  
  36  3:42  Adept  
  36  3:44  Probe (Chrono Boost)  
  36  3:47  Probe (Chrono Boost)  
  40  3:56  Probe (Chrono Boost), Robotics Facility  
  41  4:07  Probe x2 (Chrono Boost), Pylon  
  43  4:10  Adept  
  45  4:20  Adept x2  
  45  4:22  Probe (Chrono Boost)  
  50  4:24  Probe  
  51  4:37  Probe  
  51  4:39  Probe  
  51  4:40  Forge  
  53  4:49  Pylon  
  53  4:50  Warp Prism (Chrono Boost)  
  53  4:52  Pylon  
  55  4:57  Probe x2  
  57  5:01  Stalker x2  
  61  5:09  Probe x2  
  61  5:13  Protoss Ground Weapons Level 1 (Chrono Boost)  
  64  5:21  Probe x2  
  65  5:39  Probe x2  
  67  5:44  Observer  
  68  5:56  Stalker  
  70  5:57  Stalker x2  
  72  6:28  Immortal  
  72  6:29  Gateway  
  72  6:30  Gateway  
  72  6:31  Twilight Council  
  76  6:40  Robotics Facility  
  76  6:42  Robotics Bay  
  76  6:48  Adept  
  78  7:05  Protoss Ground Armor Level 1 (Chrono Boost)  
  78  7:13  Pylon  
  78  7:16  Pylon  
  78  7:19  Pylon x2  
  78  7:25  Pylon  
  78  7:26  Immortal  
  78  7:29  Nexus  
  78  7:31  Probe x2, Pylon  
  78  7:34  Immortal  
  78  7:35  Pylon  
  88  7:38  Assimilator  
  88  7:42  Assimilator  
  84  8:00  Immortal  
  84  8:03  Stalker  
  84  8:04  Stalker  
  84  8:05  Stalker  
  94  8:13  Immortal  
  92  8:34  Stalker, Immortal  
  92  8:35  Stalker x2  
  96  8:52  Immortal  
  88  8:59  Stalker x3  
  88  9:00  Stalker x2  
  79  9:09  Immortal  
  83  9:32  Immortal  
  87  9:38  Stalker  
  87  9:39  Stalker x3  
  87  9:40  Stalker  
  87  9:43  Immortal  
  89  10:11  Immortal  
  89  10:17  Immortal  
  87  10:40  Probe  
  86  10:45  Stalker x5  
  86  10:49  Protoss Ground Weapons Level 2 (Chrono Boost), Blink (Chrono Boost)  
  96  10:50  Disruptor  
  96  10:51  Probe, Disruptor  
  103  11:01  Probe  
  103  11:03  Gateway  
  104  11:06  Gateway  
  104  11:09  Gateway, Probe  
  106  11:12  Probe  
  106  11:14  Mothership Core  
  108  11:21  Probe  
  108  11:23  Probe  
  110  11:26  Observer  
  111  11:35  Observer  
  112  11:47  Observer  
  113  11:55  Immortal  
  115  12:09  Immortal  
  105  12:29  Immortal  
  109  12:48  Immortal  
Show
View Real Time Build Order
Export as new Build Order

Aatem Zerg 

Build Orders: Hatch First, Lurkers 

Get SALT Encoding   

  12  0:01  Drone  
  13  0:14  Overlord  
  13  0:18  Drone  
  14  0:25  Drone, Extractor  
  15  0:33  Drone  
  16  0:37  Drone  
  17  0:55  Hatchery  
  16  1:00  Drone x2  
  18  1:14  Spawning Pool  
  18  1:17  Drone  
  18  1:20  Extractor  
  18  1:23  Drone  
  18  1:32  Drone  
  19  1:42  Drone  
  20  2:01  Overlord  
  20  2:08  Zergling x4  
  22  2:09  Queen  
  22  2:11  Queen  
  26  2:19  Roach Warren  
  25  2:34  Drone x3  
  25  2:35  Drone x2  
  30  3:15  Hatchery  
  29  3:20  Drone x2  
  29  3:21  Drone x5  
  29  3:25  Lair, Extractor  
  29  3:26  Drone  
  36  3:33  Overlord  
  36  3:35  Overlord  
  36  3:53  Drone x6  
  36  3:54  Drone x2  
  44  3:58  Queen  
  46  4:27  Drone x6  
  46  4:28  Drone x2  
  46  4:29  Hydralisk Den  
  53  4:41  Overlord x5  
  53  4:54  Roach x2  
  57  5:00  Roach x4  
  57  5:01  Roach x2  
  57  5:02  Glial Reconstitution  
  57  5:04  Lurker Den  
  69  5:21  Hydralisk x3  
  67  5:27  Extractor  
  67  5:28  Drone x3, Extractor  
  72  5:29  Drone x4  
  72  5:35  Roach x3  
  84  5:48  Overseer  
  84  6:06  Hydralisk x2  
  84  6:10  Extractor  
  87  6:12  Extractor  
  86  6:19  Overlord x3  
  86  6:20  Overlord  
  86  6:37  Lurker  
  86  6:38  Lurker x2  
  87  7:16  Hydralisk x5, Roach x3  
  103  7:25  Evolution Chamber  
  102  7:30  Hydralisk x2  
  106  7:42  Hydralisk x2  
  106  7:43  Hydralisk  
  107  7:57  Lurker  
  101  8:01  Zergling x8  
  101  8:02  Zergling x12  
  101  8:03  Zergling x6  
  101  8:05  Overlord x2  
  114  8:07  Zerg Ground Armor Level 1  
  114  8:14  Overlord  
  77  9:01  Hydralisk x2, Roach x4  
  77  9:02  Hydralisk x3, Roach  
  87  9:08  Hydralisk x2, Roach x3  
  87  9:09  Zergling x6  
  86  9:23  Hydralisk x3  
  90  9:30  Metabolic Boost  
  92  9:36  Overseer x2  
  86  10:05  Queen  
  60  10:45  Hydralisk x5, Roach x5  
  60  10:48  Queen  
  82  10:50  Queen  
  82  10:51  Zerg Missile Weapons Level 1  
  84  11:08  Infestation Pit  
  83  11:14  Hydralisk x3, Roach  
  83  11:15  Hydralisk x7  
  83  11:16  Hydralisk x3  
  111  11:24  Hatchery, Extractor  
  109  11:26  Drone  
  109  11:27  Drone x7  
  109  11:28  Extractor  
  116  11:56  Overlord x5  
  116  12:08  Zergling x16  
  88  12:21  Zergling x2  
  88  12:22  Zergling x16  
  64  12:57  Zergling x10  
  64  12:58  Zergling x4  
  53  13:15  Drone x3  
Tags
 
Add a new tag
Caveats
  • Supply blocks, unpowered buildings, or Contaminate may cause inaccurate times.
  • Supply counts are checked every 10 seconds.